 Dungeon Crawl Stone Soup version 0.24.0-37-gcf1ca852f1 (webtiles) character file.

Game seed: 3676373923379217441, levelgen mode: deterministic

2933 PentaManta the Transmogrifier (level 9, -2/57 HPs)
             Began as an Octopode Transmuter on Dec 1, 2019.
             Was a Believer of Nemelex Xobeh.
             Slain by a sky beast (6 damage)
             ... on level 7 of the Dungeon.
             The game lasted 00:18:01 (8043 turns).

PentaManta the Transmogrifier (Octopode Transmuter) Turns: 8043, Time: 00:18:03

Health: -2/57      AC:  1    Str:  9    XL:     9   Next: 80%
Magic:  17/22      EV: 17    Int: 15    God:    Nemelex Xobeh [**....]
Gold:   357        SH:  0    Dex: 16    Spells: 15/27 levels left

rFire    . . .     SeeInvis .     - Unarmed
rCold    . . .     Gourm    .   (shield currently unavailable)
rNeg     . . .     Faith    .   (helmet restricted)
rPois    .         Spirit   .   (no amulet)
rElec    .         Reflect  .   (no ring)
rCorr    .         Harm     .   (no ring)
MR       .....                  (no ring)
Stlth    ++........             (no ring)
HPRegen  0.19/turn              (no ring)
MPRegen  0.18/turn              (no ring)
                                (no ring)
                                (no ring)

@: blade tentacles
A: almost no armour, stealthy swim, amphibious, 8 rings, constrict 8, camouflage
1, gelatinous body 1
a: End Transformation, Draw Escape, Draw Destruction, Draw Summoning, Renounce
Religion


You were on level 7 of the Dungeon.
You worshipped Nemelex Xobeh.
Nemelex Xobeh was pleased with you.
You were hungry.
You had blades for tentacles.
You visited 2 branches of the dungeon, and saw 9 of its levels.
You also visited: Sewer.

You collected 357 gold pieces.

Inventory:

Missiles
 a - 89 arrows
 b - a throwing net (quivered)
Wands
 r - a wand of polymorph (14)
Scrolls
 d - a scroll of remove curse
 f - 2 scrolls of teleportation
 g - a scroll of amnesia
 h - a scroll of enchant armour
 i - 2 scrolls of enchant weapon
 m - 2 scrolls of blinking
 n - a scroll of magic mapping
 s - a scroll of noise {unknown}
Potions
 e - 4 potions of curing
 j - 2 potions of haste
 k - 2 potions of cancellation
 l - a potion of brilliance
 o - a potion of might
 p - a potion of resistance
 q - a potion of invisibility
Comestibles
 c - 9 rations


   Skills:
 + Level 3.3 Fighting
 * Level 5.7 Dodging
 + Level 4.4 Unarmed Combat
 - Level 9.5 Spellcasting
 - Level 10.3 Transmutations


You had 15 spell levels left.
You knew the following spells:

 Your Spells              Type           Power        Failure   Level  Hunger
b - Spider Form           Tmut/Pois      ###.......   28%         3    #......
c - Blade Hands           Tmut           #####.....   30%         5    #####..
d - Ice Form              Ice/Tmut       ###.....     50%         4    ###....

Your spell library contained the following spells:

 Spells                   Type           Power        Failure   Level  Hunger
 Beastly Appendage        Tmut           #####.       8%          1    None
 Sticks to Snakes         Tmut           #####...     9%          2    None
 Corona                   Hex            #......      47%         1    None
 Shock                    Conj/Air       #...         47%         1    None
 Slow                     Hex            #.......     56%         2    None
 Swiftness                Chrm/Air       #.......     56%         2    None
 Inner Flame              Hex/Fire       #.......     73%         3    #......
 Portal Projectile        Hex/Tloc       #.....       73%         3    #......
 Static Discharge         Conj/Air       #.......     73%         3    #......
 Airstrike                Air            #.........   96%         4    ###....
 Cause Fear               Hex            #.........   96%         4    ###....
 Leda's Liquefaction      Hex/Erth       #.........   96%         4    ###....
 Lightning Bolt           Conj/Air       #.........   100%        5    #####..


Dungeon Overview and Level Annotations

Branches:
Dungeon (8/15)             Temple (1/1) D:4           Sewer (visited)
   Lair: D:8-11

Altars:
Ashenzari
Cheibriados
Dithmenos
Elyvilon
Fedhas
Gozag
Kikubaaqudgha
Makhleb
Nemelex Xobeh
Okawaru
Ru
Sif Muna
Trog
Uskayaw
Vehumet
Wu Jian
Xom
Yredelemnul
Zin
The Shining One


Innate Abilities, Weirdness & Mutations

You cannot wear most types of armour.
You are very stealthy in the water. (Stealth+)
You are amphibious.
You can wear up to eight rings at the same time.
You can use your tentacles to constrict eight enemies at once.
Your skin changes colour to match your surroundings (Stealth+).
Your rubbery body absorbs attacks. (AC +1, EV +1)


Message History

Your tentacles turn into razor-sharp scythe blades.
Your centaur hits the sky beast. You closely miss the sky beast.
The sky beast is lightly wounded.
Your centaur barely misses the sky beast.
The sky beast hits you.
* * * LOW HITPOINT WARNING * * *
The sky beast shocks you.
* * * LOW HITPOINT WARNING * * *
Your centaur hits the sky beast. You hit the sky beast.
Your slash misses the sky beast.
The sky beast is moderately wounded.
Your centaur misses the sky beast. The sky beast barely misses you.
You hit the sky beast.
The sky beast is moderately wounded.
Your centaur hits the sky beast! The sky beast hits you.
* * * LOW HITPOINT WARNING * * *
The sky beast shocks you.
You die...
Your body disappears without a glow.

+...........#.# #Y
#.#.. #.............#
.# #Y..o
#.....)....###..#
.#..###. #<.........#
#.# #.# #.
#########..###
.#.#.@###. #.....#
#.# #...h #...#.# .#.
#.#.ā‰ˆ #.....###.
.###.... #.@# #...#
#...###. #.Y###.#.#
#.#.###.
#.cā‰ˆ##...###...##..
#.................#
##.......)@..ā€ ...##
#################


You could see a sky beast and a friendly centaur.

Vanquished Creatures
  Sigmund (D:5)
  Eustachio (D:6)
  4 ice beasts
  2 sky beasts (D:5)
  An orc warrior (D:7)
  A centaur (D:7)
  Blork the orc (D:6)
  4 big kobolds (Sewer)
  A scorpion (D:4)
  2 howler monkeys (D:5)
  A crimson imp (D:5)
  A centaur zombie (D:5)
  A hound (D:4)
  4 orc priests
  A jelly (D:5)
  Crazy Yiuf (D:5)
  5 orc wizards
  A bullfrog skeleton (D:6)
  A worker ant (D:6)
  A hound zombie (D:5)
  3 gnolls (D:6)
  10 adders
  3 river rats (Sewer)
  4 shadow imps
  6 oozes
  An adder zombie (D:5)
  An adder skeleton (D:6)
  7 worms
  2 dart slugs
  5 leopard geckos
  26 orcs
  4 bats
  6 giant cockroaches
  5 goblins
  7 hobgoblins
  10 kobolds
  A quokka (D:3)
  6 ball pythons
  5 frilled lizards
  A jackal zombie (D:5)
  2 leopard gecko skeletons (D:6)
  A quokka zombie (D:5)
  8 rats
159 creatures vanquished.

Vanquished Creatures (collateral kills)
  A bullfrog (D:7)
  A howler monkey (D:7)
  An orc (D:7)
3 creatures vanquished.

Grand Total: 162 creatures vanquished

Notes
Turn   | Place    | Note
-------+----------+-------------------------------------------
     0 | D:1      | PentaManta the Octopode Transmuter began the quest for the
                  | Orb.
     0 | D:1      | Reached XP level 1. HP: 13/13 MP: 3/3
   170 | D:1      | Reached XP level 2. HP: 18/18 MP: 5/5
   767 | D:2      | Found a snail-covered altar of Cheibriados.
   775 | D:2      | Reached XP level 3. HP: 23/23 MP: 6/6
  1105 | D:2      | Found an opulent altar of Gozag.
  1106 | D:2      | Found a bloodstained altar of Trog.
  1339 | D:2      | Reached skill level 3 in Transmutations
  1339 | D:2      | Reached XP level 4. HP: 22/28 MP: 8/8
  1346 | D:2      | Learned a level 3 spell: Spider Form
  1733 | D:2      | Found a blossoming altar of Fedhas.
  2041 | D:3      | Found a glowing drain.
  2065 | Sewer    | Entered a sewer
  2173 | Sewer    | Noticed a big kobold
  2184 | Sewer    | Killed a big kobold
  2184 | Sewer    | Reached XP level 5. HP: 8/33 MP: 7/10
  2800 | Sewer    | Noticed a big kobold
  2811 | Sewer    | Killed a big kobold
  2811 | Sewer    | Reached skill level 4 in Transmutations
  2811 | Sewer    | Reached XP level 6. HP: 33/38 MP: 10/12
  3214 | Sewer    | Reached XP level 7. HP: 39/43 MP: 13/13
  3668 | D:4      | Learned a level 5 spell: Blade Hands
  3684 | D:4      | Reached skill level 5 in Transmutations
  4365 | D:4      | Reached skill level 10 in Transmutations
  4365 | D:4      | Reached XP level 8. HP: 48/48 MP: 14/21
  4379 | D:4      | Found a staircase to the Ecumenical Temple.
  4445 | Temple   | Entered the Ecumenical Temple
  4485 | Temple   | Became a worshipper of Nemelex Xobeh the Trickster
  4789 | D:4      | Received a gift from Nemelex Xobeh
  5156 | D:5      | Entered Level 5 of the Dungeon
  5186 | D:5      | Learned a level 4 spell: Ice Form
  5527 | D:5      | Reached XP level 9. HP: 45/54 MP: 17/22
  5553 | D:5      | Found a shadowy altar of Dithmenos.
  5657 | D:5      | Reached * piety under Nemelex Xobeh
  5882 | D:5      | Noticed Sigmund
  5891 | D:5      | Killed Sigmund
  6226 | D:5      | Found a runed translucent door.
  6228 | D:5      | Noticed Crazy Yiuf
  6235 | D:5      | Killed Crazy Yiuf
  6595 | D:6      | Received a gift from Nemelex Xobeh
  6828 | D:6      | Noticed Eustachio
  6855 | D:6      | Reached ** piety under Nemelex Xobeh
  6884 | D:6      | Killed Eustachio
  6884 | D:6      | Reached skill level 5 in Dodging
  7422 | D:6      | Noticed Blork the orc
  7431 | D:6      | Killed Blork the orc
  7804 | D:6      | Found a radiant altar of Vehumet.
  7804 | D:6      | Found an ornate altar of the Wu Jian Council.
  7805 | D:6      | Found a sacrificial altar of Ru.
  8043 | D:7      | Slain by a sky beast

Levels and vault maps discovered:
D:1:      lemuel_arrival_funnel, layout_basic
D:2:      layout_loops_ring, grunt_temple_overflow_open, old_standard_altar,
          marbit_many_paths, chequers_serial_rivers_room_a
D:3:      layout_rooms, portal_sewer_entry_f
D:4:      layout_loops_ring, minmay_temple_entry_drinking_statues
D:5:      layout_layer_cave, old_standard_altar, first_ration,
          uniq_crazy_yiuf_cottage, uniq_sigmund
D:6:      layout_loops_ring, gammafunk_temple_overflow_claw,
          kennysheep_windowed_goal, uniq_eustachio, uniq_blork_the_orc
D:7:      layout_basic, kennysheep_mini, corexii_checkpoint_a,
          grunt_ministairs_13, the_bakery, minmay_starry_boxes
D:8:      layout_cave_pods, kennysheep_just_a_vault
Temple:   minmay_temple_forest_path

Skill      XL: |  1  2  3  4  5  6  7  8  9 |
---------------+----------------------------+-----
Transmutations | 3 4 10 | 10.3
Spellcasting   | 3 4 9 |  9.5
Dodging        | 3 4 5 |  5.7
Fighting       | 3 |  3.3
Unarmed Combat | 4 |  4.4

Action                   |  1- 3 |  4- 6 |  7- 9 || total
-------------------------+-------+-------+-------++-------
Melee: Unarmed           |    57 |   141 |   245 ||   443
       Constrict         |    21 |    29 |    55 ||   105
       Tentacles         |     9 |    23 |    48 ||    80
       Punch             |     1 |     3 |     7 ||    11
       Kick              |       |    27 |    10 ||    37
 Cast: Beastly Appendage |       |    13 |     4 ||    17
       Blade Hands       |       |       |    22 ||    22
 Abil: Draw Escape       |       |       |     2 ||     2
       Draw Summoning    |       |       |     2 ||     2
  Use: Scroll            |       |       |    15 ||    15
       Potion            |       |       |     1 ||     1
 Stab: Sleeping          |     7 |    10 |     4 ||    21
  Eat: Chunk             |     1 |     2 |    11 ||    14
       Ration            |       |     1 |     3 ||     4
Armor: Skin              |     2 |     7 |     6 ||    15
Dodge: Dodged            |    25 |    71 |   164 ||   260
